Cogmind - Beta 16 @@@ ROGUE MODE // 2026.01.11 @ 16:11:10 Player: Lunishko Result: Destroyed by G-34 Mercenary with Small Laser Performance ------------- Evolutions (0) 0 Regions Visited (2) 400 Robots Destroyed (17) 85 Value Destroyed (439) 439 Prototype IDs (0) 0 Alien Tech Used (0) 0 Bonus (0) 0 TOTAL SCORE: 924 Bonus ------- None Cogmind --------- Core Integrity 0/250 Matter 271/300 Energy 88/100 System Corruption 0% Temperature Hot (225) Movement Flying (520) Ox6 Location -10/Mines Parts ------- > --- POWER (1) -------- (None) > --- PROPULSION (2) --- Flight Unit > --- UTILITY (2) ------ Large Storage Unit Signal Interpreter > --- WEAPON (2) ------- Beam Cannon Assault Rifle > --- INVENTORY (15) --- Sensor Array Hacking Suite Mining Laser Mining Laser Peak State ------------ > --- POWER ------------ Light Ion Engine > --- PROPULSION ------- Light Treads Light Treads > --- UTILITY ---------- Small Storage Unit Large Storage Unit > --- WEAPON ----------- EM Pulse Gun Small Laser > --- INVENTORY -------- Signal Interpreter Assault Rifle [Rating: 7] Favorites ----------- Power Light Ion Engine Engine Light Ion Engine Propulsion Light Treads Treads Light Treads Flight Unit Flight Unit Utility Large Storage Unit Storage Large Storage Unit Processor Signal Interpreter Weapon Small Laser Energy Gun Small Laser Energy Cannon Beam Cannon Ballistic Gun Assault Rifle Build | -11 -10 -10 ------- Run | Yrd Mat Min Slots Evolved . | . . . Power . | . . . Propulsion . | . . . Utility . | . . . Weapon . | . . . Parts Attached 13 | 6 4 3 Power 2 | 1 . 1 Engine 2 | 1 . 1 Core . | . . . Reactor . | . . . Propulsion 4 | 2 . 2 Treads 2 | 2 . . Leg . | . . . Wheel . | . . . Hover . | . . . Flight 2 | . . 2 Utility 3 | 1 2 . Device . | . . . Storage 2 | 1 1 . Processor 1 | . 1 . Hackware . | . . . Protection . | . . . Artifact . | . . . Weapon 4 | 2 2 . Energy Gun 2 | 2 . . Energy Cannon 1 | . 1 . Ballistic Gun 1 | . 1 . Ballistic Cannon . | . . . Launcher . | . . . Special Weapon . | . . . Impact Weapon . | . . . Slashing Weapon . | . . . Piercing Weapon . | . . . Special Melee Weapon . | . . . Unidentified Prototypes . | . . . Parts Lost 7 | . 4 3 Power 2 | . 1 1 Propulsion 3 | . 1 2 Utility . | . . . Weapon 2 | . 2 . Highest Loss Streak 3 | . 3 2 To Critical Strikes . | . . . Average Backups 3 | . 4 4 Power . | . . . Propulsion . | . . . Utility 1 | . 1 2 Weapon 2 | . 2 2 Tool/Special . | . . . Unused Backups 4 | . . 4 Power . | . . . Propulsion . | . . . Utility 2 | . . 2 Weapon 2 | . . 2 Tool/Special . | . . . Average Slot Usage (%) 90 | . 91 85 Engine 11 | . 12 7 Treads 20 | . 25 2 Flight 4 | . . 18 Storage 15 | . 16 14 Processor 11 | . 10 14 Energy Gun 18 | . 23 . Energy Cannon 3 | . . 14 Ballistic Gun 3 | . . 14 Peak Build Rating 7 | 6 7 7 Average Rating 6 | 4 6 6 On Entrance 3 | . 6 5 Avg Prop Armor Cover (%) . | . . . Naked Turns . | . . . Heaviest Build 31 | 11 31 28 Greatest Support 40 | 40 40 20 Greatest Overweight (x) 8 | . 1 8 Average Overweight (x) . | . . 2 Largest Inventory Capacity 15 | 8 15 15 Average Capacity 13 | 7 14 15 Most Carried 6 | 1 6 6 Average Carried 3 | . 4 4 Final Capacity 15 | 8 15 15 Final Carried 4 | 1 4 4 Class Distribution -------------------- 100% | Mutant Dominant Class ---------------- Mutant | -10/Materials Mutant | -10/Mines Resources | -11 -10 -10 ----------- Run | Yrd Mat Min Matter Collected 342 | 230 66 46 Remotely . | . . . Salvage Created 521 | . 423 98 Parts 31 | . 25 6 Haulers Intercepted . | . . . Recyclers Shooed 2 | . 1 1 Parts Field Recycled . | . . . Retrieved Matter . | . . . Parts Self-Destructed . | . . . Prevented . | . . . Parts Restored . | . . . Kills | -11 -10 -10 ------- Run | Yrd Mat Min Combat Hostiles Destroyed 13 | . 9 4 Guns 7 | . 5 2 Cannons 3 | . 1 2 AOE 3 | . 3 . Classes Destroyed 5 | . 5 . Worker 2 | . 2 . Operator 1 | . 1 . Watcher 1 | . 1 . Swarmer 4 | . 1 3 Grunt 9 | . 8 1 Best Kill Streak 4 | . 4 3 Combat Bots Only 3 | . 3 3 Max Kills in Single Turn 3 | . 3 1 Gunslinging . | . . . Exploded 2 | . 2 . Melee . | . . . Uniques/NPCs Destroyed . | . . . Combat | -11 -10 -10 -------- Run | Yrd Mat Min Hostile Shots Fired 111 | . 77 34 Missed 33 | . 24 9 Hits 78 | . 53 25 Projectile 78 | . 53 25 Damage Taken 1049 | . 760 289 Core 254 | . 171 83 Absorbed by Shields . | . . . Core Remaining (%) 100 | 100 . . Volleys Fired 50 | . 30 20 Largest 2 | . 2 2 Hottest 80 | . 80 80 Shots Fired 95 | . 57 38 Gun 75 | . 55 20 Cannon 20 | . 2 18 Launcher . | . . . Special . | . . . Kinetic 22 | . 2 20 Thermal 45 | . 27 18 Explosive . | . . . Electromagnetic 28 | . 28 . Robot Hit Streak 12 | . 12 6 Robot Miss Streak 3 | . 3 2 Penetration Max . | . . . Secondary Targets 1 | . 1 . Max Gunslinging Chain 1 | . 1 . Shots Hit Robots 59 | . 36 23 Core Hits 30 | 1 22 7 Critical Kills . | . . . Critical Parts Destroyed . | . . . Critical Strikes 1 | . 1 . Corrupt 1 | . 1 . Melee Attacks . | . . . Impact . | . . . Slashing . | . . . Piercing . | . . . Sneak Attacks . | . . . Combat Hostiles . | . . . Follow-up Attacks . | . . . Damage Inflicted 1050 | 7 707 336 Guns 626 | . 447 179 Cannons 191 | . 35 156 Explosions 191 | . 191 . Melee . | . . . Ramming 42 | 7 34 1 Kinetic 179 | . . 179 Thermal 526 | . 370 156 Explosive . | . . . Electromagnetic 303 | . 303 . Impact . | . . . Slashing . | . . . Piercing . | . . . Highest Corruption . | . . . Average Corruption . | . . . Corruption Purged . | . . . Corruption Blocked . | . . . Overload Shots . | . . . Overflow Damage . | . . . Projectiles . | . . . Explosions . | . . . Melee . | . . . Knockbacks . | . . . Impact . | . . . Kinetic . | . . . Secondary . | . . . Self-Inflicted Damage . | . . . Shots . | . . . Rammed 7 | 2 4 1 Targets Rammed 7 | 2 4 1 Kicked . | . . . Crushed . | . . . Highest Temperature 247 | . 174 247 Average Temperature 73 | . 59 99 Received Heat Transfer 318 | . 189 129 Effects 4 | . . 4 Energy Bleed 1 | . . 1 Interference 3 | . . 3 Siege Activations . | . . . Martial Activations . | . . . Shielding Activations . | . . . Robots Disrupted . | . . . Combat Hostiles . | . . . Robots Corrupted . | . . . Combat Hostiles . | . . . Parts Fried . | . . . Impact Corruptions . | . . . Robots Melted . | . . . Combat Hostiles . | . . . Parts Melted 2 | . 1 1 Heat Transferred 982 | . 649 333 Parts Sabotaged . | . . . Parts Stolen . | . . . Parts Stripped . | . . . Power Chain Reactions 3 | . 3 . Alert | -11 -10 -10 ------- Run | Yrd Mat Min Maximum Alert Level . | . . . Low Security (%) 100 | 100 100 100 Level 1 . | . . . Level 2 . | . . . Level 3 . | . . . Level 4 . | . . . Level 5 . | . . . High Security . | . . . Max Security . | . . . Peak Influence 99 | . 99 70 Initial 6 | . . 6 Average 32 | . 39 23 Influence Increases 436 | . 336 100 Destroy 0b10 Robot/C 260 | . 180 80 Destroy 0b10 Robot/NC 20 | . 20 . Destroy Leader 72 | . 52 20 Successful Hack 17 | . 17 . Disable Machine 30 | . 30 . Destroy Structure 7 | . 7 . Lose Combat Pursuer 30 | . 30 . Influence Decreases 416 | . 318 98 Entered New Map 12 | . . 12 Time Decay 394 | . 308 86 Lost Part 10 | . 10 . Squads Dispatched 2 | . 2 . Investigation 2 | . 2 . Extermination . | . . . Reinforcement . | . . . Assault . | . . . Garrison . | . . . Intercept . | . . . Searches Triggered . | . . . Construction Impeded . | . . . Haulers Reinforced . | . . . Active Scanning Responses . | . . . Cargo Convoy Interrupts . | . . . Stealth | -11 -10 -10 --------- Run | Yrd Mat Min Distress Signals 2 | . 2 . Communications Jammed . | . . . Distress Signals . | . . . Times Spotted 31 | . 26 5 Peak Tracking Total 6 | . 6 3 Tactical Retreats 3 | . 3 . Traps | -11 -10 -10 ------- Run | Yrd Mat Min Traps Triggered 2 | . 2 . Indirectly . | . . . Trap Hack Attempts . | . . . Triggered . | . . . Disarmed . | . . . Reprogrammed . | . . . Reused . | . . . Traps Extracted . | . . . Installed . | . . . Triggered . | . . . Machines | -11 -10 -10 ---------- Run | Yrd Mat Min Machines Disabled 2 | . 2 . Max in Single Turn 1 | . 1 . Machines Repaired . | . . . Machines Dismantled . | . . . Machines Sabotaged . | . . . Overloaded Fab Kills . | . . . Hacking | -11 -10 -10 --------- Run | Yrd Mat Min Machines Accessed 5 | . 5 . Terminals 5 | . 5 . Fabricators . | . . . Repair Stations . | . . . Recycling Units . | . . . Scanalyzers . | . . . Garrison Access . | . . . Total Hacks 10 | . 10 . Successful 6 | . 6 . Failed 4 | . 4 . Catastrophic . | . . . Database Lockouts . | . . . Manual 7 | . 7 . Terminals 10 | . 10 . Fabricators . | . . . Repair Stations . | . . . Recycling Units . | . . . Scanalyzers . | . . . Garrison Access . | . . . Terminal Hacks 4 | . 4 . Robot Analysis 1 | . 1 . Terminal Index 1 | . 1 . Registered Components 1 | . 1 . Zone Layout 1 | . 1 . Fabricator Hacks . | . . . Repair Station Hacks . | . . . Recycling Unit Hacks . | . . . Scanalyzer . | . . . Garrison Access Hacks . | . . . Unauthorized Hacks 2 | . 2 . Terminals 2 | . 2 . Botnet 2 | . 2 . Fabricators . | . . . Repair Stations . | . . . Recycling Units . | . . . Scanalyzers . | . . . Garrison Access . | . . . Data Cores Recovered 1 | . 1 . Used . | . . . Hacking Detections 4 | . 4 . Full Trace Events . | . . . Feedback Events . | . . . Feedback Blocked . | . . . Robot Schematics Acquired . | . . . Robots Built . | . . . Authchips . | . . . Time . | . . . Total Robot Build Rating . | . . . Part Schematics Acquired . | . . . Parts Built . | . . . Authchips . | . . . Time . | . . . Total Part Build Rating . | . . . Part Studies Acquired . | . . . Parts Repaired . | . . . Time . | . . . Parts Recycled . | . . . Recycled Matter . | . . . Retrieved Matter . | . . . Retrieved Components . | . . . Parts Scanalyzed . | . . . Part Schematics Acquired . | . . . Parts Damaged . | . . . Bothacking | -11 -10 -10 ------------ Run | Yrd Mat Min Used RIF Installer . | . . . Robots Hacked . | . . . Non-combat . | . . . Combat . | . . . Robot Hacks Applied . | . . . Relay Couplers Released . | . . . Fabnet Peak Effective % . | . . . Robots Rewired . | . . . Allies Hacked . | . . . Hacks Repelled . | . . . Allies | -11 -10 -10 -------- Run | Yrd Mat Min Total Allies . | . . . Largest Group . | . . . Highest-Rated Group . | . . . Highest-Rated Ally . | . . . Total Orders . | . . . Ally Attacks . | . . . Total Damage . | . . . Kills . | . . . Allies Corrupted . | . . . Allies Melted . | . . . Intel | -11 -10 -10 ------- Run | Yrd Mat Min Active Infowar (turns) . | . . . Robot Analysis Total 1 | . 1 . Derelict Logs Recovered . | . . . Drone Launches . | . . . Drone Recoveries . | . . . Exploration | -11 -10 -10 ------------- Run | Yrd Mat Min Turns Passed 1171 | 107 823 241 Spaces Moved 555 | 60 431 64 Core 3 | 1 . 2 Treads 504 | 59 431 14 Legs . | . . . Wheels . | . . . Hover . | . . . Flight 48 | . . 48 Fastest Speed 50 | 50 160 240 Average Speed 178 | 158 166 274 Slowest Speed 450 | 160 240 450 Overloaded Moves . | . . . Propulsion Burnouts . | . . . Robots Hopped . | . . . Potential Cave-ins . | . . . Cave-ins Triggered . | . . . Exploration Rate (%) 27 | 4 64 14 Regions Visited 2 Branch Regions 1 Pre-discovered Areas . | . . . Known Exits Taken 1 | . 1 . Unknown Exits Taken 1 | 1 . . Scrap Searched . | . . . Spaces Dug . | . . . Terrain Destroyed 10 | . 10 . Melee . | . . . Projectile . | . . . AOE 10 | . 10 . Terrain Rammed . | . . . Walls Destroyed . | . . . Machines Disabled . | . . . Actions | -11 -10 -10 --------- Run | Yrd Mat Min Total 636 | 68 477 91 Wait 1 | . 1 . Move 553 | 59 430 64 Hop . | . . . Pick Up 11 | 1 7 3 Fast Attach 6 | 6 . . Attach 7 | . 4 3 Detach . | . . . Swap . | . . . Drop 1 | . 1 . Fire 50 | . 30 20 Melee . | . . . Ram 1 | . . 1 Kick . | . . . Crush 6 | 2 4 . Escape Stasis . | . . . Rewire . | . . . Trap . | . . . Miscellaneous . | . . . Route ------- -11/Scrapyard -10/Materials (discovered 4 exits: [*Mat x3] / *Min) -10/Mines (discovered 1 exit: [*Mat]) History --------- Turn | Location | Event 21 | -11/Scrapyard | Discovered new exit (range 15) 108 | -11/Scrapyard | Entered Materials 263 | -10/Materials | Discovered new exit (range 11) 293 | -10/Materials | Discovered new exit (range 16) 310 | -10/Materials | Build established: Mutant 320 | -10/Materials | Identified exit to Mines 521 | -10/Materials | Discovered new exit (range 16) 708 | -10/Materials | Derelicts attacked the area 757 | -10/Materials | Discovered new exit (range 3) 814 | -10/Materials | Core integrity fell below 50% 834 | -10/Materials | Lost 3 parts (1n2w) 931 | -10/Materials | Entered Mines 1015 | -10/Mines | Discovered new exit (range 5) 1143 | -10/Mines | Core integrity fell below 20% 1172 | -10/Mines | Destroyed by G-34 Mercenary with Small Laser Last Messages --------------- 00932_ K-01 Serf collects debris. 00969_ Lgt. Treads destroyed. 00974_ S-10 Pest destroyed. 00991_ Acquired Flight Unit. 00999_ Acquired 34 matter. 01002_ Acquired 2 matter. 01010_ Acquired Lgt. Ion Engine. 01015_ EXIT=FOUND 01029_ Acquired 10 matter. 01034_ Slammed into R-06 Scavenger. 01034_ Destabilizing: Core damaged (-10). 01140_ Flight Unit destroyed. 01148_ Lgt. Ion Engine destroyed. 01155_ Aluminum Leg melted. 01155_ G-47 Trooper destroyed. 01160_ K-01 Serf collects debris. 01169_ Overheating: System interference. 01169_ Beam Cannon temporarily disabled. 01169_ K-01 Serf collects debris. 01170_ Overheating: Energy bleed (-20). Map ----- +----------------------------------------------------+ | | | | | | | | | | | ?????????????????????????????????????????????????? | | ?????????????????????????????????????????????????? | | ???????????????????#######???????????????????????? | | ??################## #???????????????????????? | | ###[ % #???????????????????????? | | ##%################ #???????????????????????? | | ##=#??????????????# #???????????????????????? | | #??????????????# """ #???????????????????????? | | #####??????????????# """ #???????????????????????? | | ???????????????????# """ #???????????????????????? | | ???????????????????# #???????????????????????? | | ???????????????????### #####????????????????????? | | ?????????????????????# #????????????????????? | | ?????????????????????# #????????????????????? | | ?????????????????????##### #????????????????????? | | ?????????????????????????# #????????????????????? | | ?????????????????????????# #????????????????????? | | ????????????????????????## ##???????????????????? | | ??????????????????????### #???????????????????? | | ?????????????????????## #???????????????????? | | ?????????????????????# @ ##???????????????????? | | ?????????????????????# #????????????????????? | | ?????????????????????## #???????????????????? | | ??????????????????????## ?????????????????? | | ???????????????????????# #???????????????? | | ??????????????????????? ?????????????? | | ??????????????????????? ### ???????????? | | ?????????????????????? ##???? #??????????? | | ?????????????????????? ##?????????????????? | | ????????????????????? g ##??????????????????? | | ????????????????????? #???????????????????? | | ????????????????????# % ???????????????????? | | ????????????????????# ???????????????????? | | ???????????????????? k ??????????????????? | | ???????????????????? ??????????????????? | | ????????????????????? ???????????????????? | | ??????????????????????? ?????????????????????? | | ?????????????????????????????????????????????????? | | ?????????????????????????????????????????????????? | | ?????????????????????????????????????????????????? | | ?????????????????????????????????????????????????? | | ?????????????????????????????????????????????????? | | ?????????????????????????????????????????????????? | | ?????????????????????????????????????????????????? | | ?????????????????????????????????????????????????? | +----------------------------------------------------+ Best States ------------- Heat Dissipation 25 Energy Generation 10 Energy Capacity 125 Matter Stores 300 Matter Capacity 300 Sight Range 16 Terrain Scan Density 10 Evasion (%) 40 Recoil Reduction 2 Item Schematics ----------------- None Robot Schematics ------------------ None Fabricated ------------ Nothing Repaired ---------- Nothing Studied --------- None Alien Tech Used ----------------- None Achievements -------------- None Challenges ------------ None Game ------ Seed PoweredReinforcedInterrupter Manual? 0 Play Time 00:09:57 Cumulative 28.1 hours Start 2026.01.11 @ 16:02:08 End 2026.01.11 @ 16:11:10 Sessions 1 Manual Loads 0 Difficulty Rogue Special Mode None Game No. 28 Rogue 28 Adventurer 0 Explorer 0 Win Type - Total 0 Types 0/0/0/0/0/0/0/0/0/0 Lore% 24 Gallery% 21 Achievement% 23 Wizard Run 0 Options --------- Layout 0 ASCII 0 Keyboard 0 Movement Mouse Keybinds 0 Fullscreen 2 Font 36/Smallcaps Map View 76x50 Zoom Use 0% Tactical HUD 1 Map Filters NONE Filters NONE Steam 1 RUN: c941696f-3cc4-43ed-aaf5-d99920738340